 Dungeon Crawl Stone Soup version 0.27-a0-506-g2188dfaaa0 (webtiles) character file.

Game seed: 2958704191657288552

35 Morbidden the Chiller (level 3, 0/25 HPs)
             Began as a Demonspawn Ice Elementalist on Mar 3, 2021.
             Slain by Terence
             ... wielding a +0 mace
              (5 damage)
             ... on level 2 of the Dungeon.
             The game lasted 00:02:16 (1496 turns).

Morbidden the Chiller (Demonspawn Ice Elementalist) Turns: 1496, Time: 00:02:17

Health: 0/25       AC:  3    Str:  8    XL:     3   Next: 17%
Magic:  0/6        EV: 11    Int: 23    God:
Gold:   40         SH:  0    Dex: 13    Spells: 0/7 levels left

rFire    . . .     SeeInvis .   a - +0 dagger
rCold    . . .     Faith    .   (no shield)
rNeg     . . .     Spirit   .   f - +0 leather armour
rPois    .         Reflect  .   (no helmet)
rElec    .         Harm     .   (no cloak)
rCorr    .         Rampage  .   (no gloves)
Will     .....                  (no boots)
Stlth    +.........             (no amulet)
HPRegen  0.08/turn              e - +6 ring of intelligence
MPRegen  0.10/turn              (no ring)

@: frozen ramparts, very slightly contaminated
A: hooves 2
a: no special abilities


You were on level 2 of the Dungeon.
You visited 1 branch of the dungeon, and saw 2 of its levels.

You collected 40 gold pieces.

Inventory:

Hand Weapons
 a - a +0 dagger (weapon)
Missiles
 b - 16 poisoned darts
Armour
 f - a +0 leather armour (worn)
Jewellery
 e - a +6 ring of intelligence (left hand)
Scrolls
 d - a scroll of amnesia {unknown}
Potions
 c - a potion of resistance {unknown}


   Skills:
 * Level 0.3 Fighting
 + Level 1.8 Dodging
 + Level 1.8 Stealth
 * Level 2.5 Spellcasting
 * Level 4.2 Ice Magic


You couldn't memorise any spells.
You knew the following spells:

 Your Spells              Type           Power        Failure   Level
a - Freeze                Ice            88%          3%          1
b - Frozen Ramparts       Ice            44%          10%         3
c - Ozocubu's Armour      Ice            22%          10%         3

Your spell library contained the following spells:

 Spells                   Type           Power        Failure   Level
 Hailstorm                Conj/Ice       12%          58%         4
 Summon Ice Beast         Ice/Summ       12%          58%         4


Dungeon Overview and Level Annotations

Branches:
Dungeon (2/15)

Altars:

Annotations:
D:2 Terence


Innate Abilities, Weirdness & Mutations

You have hoof-like feet.


Message History

Casting: Frozen Ramparts (quite dangerous; 10% risk of failure)
Confirm with . or Enter, or press ? or * to list all spells.
The spell is quite dangerous to cast (10% risk of failure)!
Continue anyway?
Casting: Frozen Ramparts (quite dangerous; 10% risk of failure)
Press: ? - help, Dir - look around, f - activate A stone staircase leading up.
The walls around you are covered in ice.
The wall freezes Terence.
Terence hits you with a +0 mace.
Unknown command.
Unknown command.
Unknown command.
Casting: Frozen Ramparts (quite dangerous; 10% risk of failure)
Confirm with . or Enter, or press ? or * to list all spells.
You don't have enough magic to cast this spell.
Unknown command.
Casting: Frozen Ramparts (quite dangerous; 10% risk of failure)
Confirm with . or Enter, or press ? or * to list all spells.
You don't have enough magic to cast this spell.
Unknown command.
Unknown command.
You are too injured to fight recklessly!
Unknown command.
You are too injured to fight recklessly!
Unknown command.
You hit Terence but do no damage.
Terence is lightly wounded.
The wall freezes Terence.
Terence hits you with a +0 mace.
* * * LOW HITPOINT WARNING * * *
Unknown command.
Unknown command.
Unknown command.
You hit Terence. Your kick misses Terence.
Terence is heavily wounded.
The wall freezes Terence.
Terence misses you.
Unknown command.
Unknown command.
You hit Terence but do no damage. Your kick misses Terence.
Terence is severely wounded.
The wall freezes Terence.
Terence hits you with a +0 mace.
You die...

####### #.....#
#.###.#.#
#@#@#.#.#
#.#@#.#.#
#.#.#@#.#
#.#.#.#.#
#...#.#.#
.#####.#.#####
#....><....@..#
####.............
#....#.####..#


You could see Terence.

Vanquished Creatures
  3 dart slugs (D:1)
  A leopard gecko (D:1)
  A giant cockroach (D:1)
  A goblin (D:1)
  8 hobgoblins (D:1)
  2 kobolds (D:1)
  4 bats (D:1)
  3 frilled lizards (D:1)
  4 rats
27 creatures vanquished.

Notes
Turn   | Place    | Note
-------+----------+-------------------------------------------
     0 | D:1      | Morbidden the Demonspawn Ice Elementalist began the quest
                  | for the Orb.
     0 | D:1      | Reached XP level 1. HP: 13/13 MP: 3/3
   188 | D:1      | Gained mutation: You have large cloven feet. [demonic
                  | ancestry]
   188 | D:1      | Reached XP level 2. HP: 15/19 MP: 1/5
   488 | D:1      | Reached skill level 4 in Ice Magic
  1097 | D:1      | Gained mutation: You have hoof-like feet. [demonic
                  | ancestry]
  1097 | D:1      | Reached XP level 3. HP: 25/25 MP: 4/6
  1456 | D:2      | Noticed Terence
  1486 | D:1      | Learned a level 3 spell: Frozen Ramparts
  1490 | D:1      | Learned a level 3 spell: Ozocubu's Armour
  1496 | D:2      | Slain by Terence

Illustrated notes

Levels and vault maps discovered:
D:1:      lightli_iron_boxes, layout_loops_ring
D:2:      layout_basic, nicolae_qazlal_eye_of_the_storm,
          kennysheep_okawaru_gauntlet, kennysheep_generic_room_2, uniq_terence

Skill      XL: |  1  2 |
---------------+-------+-----
Ice Magic      | 4 |  4.2
Fighting       | |  0.3
Dodging        | |  1.8
Stealth        | |  1.8
Spellcasting   | |  2.5

Action                   || total
-------------------------++-------
Melee: Unarmed           ||    21
       Kick              ||     4
       Dagger            ||     3
 Cast: Freeze            ||    39
       Frozen Ramparts   ||     1
Armor: Robe              ||     6
       Leather armour    ||     3
Dodge: Dodged            ||    27

Table legend: (Time is in decaauts)
 A = Elapsed time spent in this place.
 B = Non-inter-level travel time spent in this place.
 C = Inter-level travel time spent in this place.
 D = Time resting spent in this place.
 E = Time spent auto-exploring this place.
 F = Levels seen in this place.
 G = Mean time per level.
                   A        B        C        D        E       F      G
               +--------+--------+--------+--------+--------+-----+--------+
         Total |   1495 |   1467 |     28 |    236 |    999 |   2 |  747.5 |
       Dungeon |   1495 |   1467 |     28 |    236 |    999 |   2 |  747.5 |
               +--------+--------+--------+--------+--------+-----+--------+

Top non-repeatable levels by time:
     D:1: 1444 daAuts
     D:2: 51 daAuts
